 Dungeon Crawl Stone Soup version 0.29-a0-1027-gcd8c55af63 (webtiles) character file.

Game seed: 15072275921279328080

115 2tc the Poker (level 5, -1/38 HPs)
             Began as a Merfolk Gladiator on Aug 12, 2022.
             Was a Believer of Kikubaaqudgha.
             Killed by an exploding Grinder (30 damage)
             ... ignited by their inner flame
             ... on level 3 of the Dungeon.
             The game lasted 00:06:35 (2529 turns).

2tc the Poker (Merfolk Gladiator)                   Turns: 2529, Time: 00:06:40

Health: -1/38      AC:  6    Str: 12 (14) XL:     5   Next: 0%
Magic:  5/5        EV: 12    Int:  9 (10) God:    Kikubaaqudgha [**....]
Gold:   132        SH:  0    Dex: 12 (15) Spells: 4/4 levels left

rFire   . . .      SeeInvis .   a - +1 trident (drain)
rCold   . . .      Faith    .   (no shield)
rNeg    . . .      Spirit   .   b - +0 leather armour
rPois   .          Reflect  .   c - +0 helmet
rElec   .          Harm     .   f - +1 cloak
rCorr   .          Rampage  .   (no gloves)
Will    .....                   (no boots)
Stlth   +.........              (no amulet)
HPRegen 0.12/turn               (no ring)
MPRegen 0.09/turn               (no ring)

@: no status effects
A: (nimble swimmer 2), mertail
a: Renounce Religion, Unearth Wretches


You were on level 3 of the Dungeon.
You worshipped Kikubaaqudgha.
Kikubaaqudgha was pleased with you.
You visited 1 branch of the dungeon, and saw 3 of its levels.

You collected 132 gold pieces.

Inventory:

Hand Weapons
 a - a +1 trident of draining (weapon)
Missiles
 d - 3 throwing nets (quivered)
 e - a javelin
 g - 10 poisoned darts
Armour
 b - a +0 leather armour (worn)
 c - a +0 helmet (worn)
 f - a +1 cloak (worn)
 l - a +0 buckler
Potions
 i - 2 potions of curing


   Skills:
 - Level 2.1 Fighting
 + Level 7.3 Polearms
 - Level 2.0 Throwing
 - Level 4.0 Dodging


You had 4 spell levels left.
You didn't know any spells.
Your spell library contained the following spells:

 Spells                   Type           Power      Damage    Failure   Level
 Foxfire                  Conj/Fire      0%         2x1d4     45%         1
 Necrotise                Necr           0%         1d4       45%         1
 Static Discharge         Conj/Air       0%         3-3/arc   61%         2
 Conjure Flame            Conj/Fire      0%         6-21      83%         3
 Inner Flame              Hex/Fire       0%         N/A       83%         3
 Vampiric Draining        Necr           0%         2d6       83%         3
 Anguish                  Hex/Necr       0%         N/A       99%         4
 Animate Dead             Necr           0%         N/A       99%         4
 Dispel Undead            Necr           0%         3d6       99%         4
 Flame Wave               Conj/Fire      0%         2d4       99%         4
 Sticky Flame             Conj/Fire      0%         2d3       99%         4


Dungeon Overview and Level Annotations

Branches:
Dungeon (3/15)

Altars:
Kikubaaqudgha
Uskayaw


Innate Abilities, Weirdness & Mutations

((You are very nimble when in or above water. (Stealth+, EV+, Speed+++)))
Your lower body shifts to a powerful aquatic tail in water.


Message History

You hit Grinder but do no damage.
Grinder is moderately wounded.
Grinder hits you.
You writhe in agony.
You are too injured to fight recklessly!
You feel much better. Grinder hits you.
You writhe in agony.
You hit Grinder.
Grinder is moderately wounded.
Grinder says, "You look like you could use a good racking."
Grinder closely misses you.
You hit Grinder.
Grinder is heavily wounded.
Grinder gestures at you. Pain shoots through your body!
You are too injured to fight recklessly!
It was a potion of curing.
You feel better. Grinder hits you but does no damage.
You hit Grinder.
Grinder is heavily wounded.
Grinder gestures at you.
You barely resist. You completely miss Grinder.
Grinder is heavily wounded.
Grinder blinks!
You aren't carrying any items that you can evoke.
As you read the scroll labelled FETSACETZE, it crumbles to dust.
The creatures around you are filled with an inner flame!
It was a scroll of immolation.
There is an open door here.
You closely miss Grinder.
Grinder is heavily wounded.
Grinder completely misses you.
You hit Grinder.
Flame seeps out of Grinder.
Grinder is severely wounded.
Grinder is engulfed in blazing flames.
Kikubaaqudgha accepts your kill.
Grinder explodes!
The fiery explosion engulfs you!!
Ouch! That really hurt!
You die...
Kikubaaqudgha rasps: "You have failed me!
Welcome... death!"

....#######...###...########.###.
..### #.....>..#...# #.# #. ..#
#........#...# #.# #. ..#
#........#...# #.# #. ###
#......†.#...# #.# #.
#........#...# #.# #.
#........#§§.# #.# #.
#........#○..###### #†
#......).@§§....... #.
#........##.#.###########.
###########.......†.......
#######'#.############
#...............#
#........######.# #........#
#........# #........#


There were no monsters in sight!

Vanquished Creatures
  Grinder (D:3)
  4 adders
  A gnoll (D:1)
  A worm (D:2)
  2 dart slugs
  An orc (D:3)
  8 ball pythons
  5 endoplasms
  A giant cockroach (D:1)
  5 goblins
  7 hobgoblins
  2 jackals (D:3)
  A quokka (D:1)
  7 bats
  5 frilled lizards
  4 kobolds
  8 rats
63 creatures vanquished.

Vanquished Creatures (others)
  14 plants (D:1)
14 creatures vanquished.

Grand Total: 77 creatures vanquished

Notes
Turn   | Place    | Note
-------+----------+-------------------------------------------
     0 | D:1      | 2tc the Merfolk Gladiator began the quest for the Orb.
     0 | D:1      | Reached XP level 1. HP: 16/16 MP: 1/1
    99 | D:1      | You fall into a shaft and drop 1 floor!
   146 | D:2      | Reached XP level 2. HP: 14/22 MP: 2/2
   313 | D:1      | Reached skill level 5 in Polearms
   357 | D:1      | Found a faded altar of an unknown god.
   381 | D:1      | Prayed at the altar of an unknown god.
   381 | D:1      | Became a worshipper of Kikubaaqudgha
   381 | D:1      | Reached * piety under Kikubaaqudgha
   381 | D:1      | Received a gift from Kikubaaqudgha
   625 | D:1      | Reached XP level 3. HP: 27/27 MP: 3/3
  1180 | D:1      | Reached skill level 6 in Polearms
  1400 | D:2      | Reached ** piety under Kikubaaqudgha
  1443 | D:2      | Reached XP level 4. HP: 33/33 MP: 4/4
  2007 | D:3      | Found a hide-covered altar of Uskayaw.
  2170 | D:3      | Reached skill level 7 in Polearms
  2401 | D:3      | Noticed Grinder
  2501 | D:3      | Reached XP level 5. HP: 38/38 MP: 5/5
  2529 | D:3      | Killed Grinder
  2529 | D:3      | Killed by an exploding Grinder... ignited by their inner
                  | flame

Illustrated notes

Levels and vault maps discovered:
D:1:      giann_wishing_wells, layout_loops_ring,
          hellmonk_ecumenical_altar_zigzags, minmay_misc_feat_enclosed,
          nicolae_grassy_gnolls
D:2:      layout_loops_ring, chequers_serial_rivers_small_b
D:3:      layout_basic, nicolae_uskayaw_murder_on_the_dancefloor, uniq_grinder

Skill      XL: |  1  2  3  4 |
---------------+-------------+-----
Polearms       | 5 6 7 |  7.3
Fighting       | |  2.1
Throwing       | |  2.0
Dodging        | |  4.0

Action                   |  1- 3 |  4- 6 || total
-------------------------+-------+-------++-------
Melee: Trident           |   113 |    89 ||   202
  Use: Scroll            |     4 |     5 ||     9
       Potion            |       |     5 ||     5
 Stab: Sleeping          |     6 |     2 ||     8
Armor: Leather armour    |    16 |    20 ||    36
Dodge: Dodged            |    62 |    37 ||    99

Table legend: (Time is in decaauts)
 A = Elapsed time spent in this place.
 B = Non-inter-level travel time spent in this place.
 C = Inter-level travel time spent in this place.
 D = Time resting spent in this place.
 E = Time spent auto-exploring this place.
 F = Levels seen in this place.
 G = Mean time per level.
                   A        B        C        D        E       F      G
               +--------+--------+--------+--------+--------+-----+--------+
         Total |   2522 |   2455 |     67 |    100 |   1856 |   3 |  840.7 |
       Dungeon |   2522 |   2455 |     67 |    100 |   1856 |   3 |  840.7 |
               +--------+--------+--------+--------+--------+-----+--------+

Top non-repeatable levels by time:
     D:1: 1049 daAuts
     D:2: 758 daAuts
     D:3: 715 daAuts
